 Dungeon Crawl Stone Soup version 0.28-a0-861-ge64d6db94f (webtiles) character file.

Game seed: 7701900885788186008

58 croobank the Digger (level 4, -7/30 HPs)
             Began as a Formicid Earth Elementalist on Nov 15, 2021.
             Mangled by Grinder (9 damage)
             ... on level 5 of the Dungeon.
             The game lasted 00:12:56 (2182 turns).

croobank the Digger (Formicid Earth Elementalist)   Turns: 2182, Time: 00:12:56

Health: -7/30      AC:  3    Str: 13    XL:     4   Next: 21%
Magic:  8/8        EV: 12    Int: 15    God:
Gold:   53         SH:  0    Dex: 11    Spells: 2/8 levels left

rFire   . . .      SeeInvis +   f - +0 dagger (elec)
rCold   . . .      Faith    .   (no shield)
rNeg    . . .      Spirit   .   b - +0 robe
rPois   .          Reflect  .   (helmet unavailable)
rElec   .          Harm     .   (no cloak)
rCorr   .          Rampage  .   (no gloves)
Will    .....                   q - +0 pair of boots
Stlth   ++........              d - amulet of magic regeneration
HPRegen 0.10/turn               n - ring of wizardry
MPRegen 0.36/turn               (no ring)

@: no status effects
A: permanent stasis, dig shafts and tunnels, antennae 3, four strong arms
a: Dig, Shaft Self


You were on level 5 of the Dungeon.
You visited 1 branch of the dungeon, and saw 4 of its levels.

You collected 53 gold pieces.

Inventory:

Hand Weapons
 f - a +0 dagger of electrocution (weapon)
 o - a +0 halberd
Missiles
 c - 60 stones
Armour
 b - a +0 robe (worn)
 q - a +0 pair of boots (worn)
Magical Staves
 e - a staff of poison
Jewellery
 d - an amulet of magic regeneration (around neck)
 n - a ring of wizardry (left hand)
Scrolls
 h - a scroll of amnesia {unknown}
 i - a scroll of immolation {unknown}
 j - a scroll of teleportation
 r - a scroll of identify
Potions
 a - a potion of haste
 g - a potion of lignification
 l - 2 potions of invisibility {unknown}
 m - a potion of attraction {unknown}
 p - a potion of might {unknown}


   Skills:
 + Level 0.1 Fighting
 + Level 0.7 Short Blades
 + Level 1.9 Dodging
 + Level 3.3 Stealth
 + Level 2.8 Spellcasting
 + Level 1.2 Transmutations
 + Level 4.4 Earth Magic


You had 2 spell levels left.
You knew the following spells:

 Your Spells              Type           Power      Damage    Failure   Level
a - Sandblast             Erth           30%        2d9       1%          1
b - Poisonous Vapours     Pois/Air       4%         N/A       12%         2
c - Stone Arrow           Conj/Erth      16%        3d8       10%         3

Your spell library contained the following spells:

 Spells                   Type           Power      Damage    Failure   Level
 Passwall                 Tmut/Erth      8%         N/A       4%          2
 Corpse Rot               Necr/Air       4%         N/A       12%         2
 Ensorcelled Hibernation  Hex/Ice        4%         N/A       12%         2
 Spider Form              Tmut/Pois      3%         N/A       19%         3
 Petrify                  Tmut/Erth      10%        N/A       26%         4


Dungeon Overview and Level Annotations

Branches:
Dungeon (3/15)

Altars:
Beogh

Annotations:
D:3 3 runed translucent doors, AttackTheMoon's ghost, novice FoFi
D:5 Grinder


Innate Abilities, Weirdness & Mutations

You cannot be hasted, slowed, berserked, paralysed or teleported.
You can dig through walls and to a lower floor.
You have a pair of large antennae on your head. (SInv)
Your four strong arms can wield two-handed weapons with a shield.


Message History

The orc wizard hits you with a +0 dagger.
You hit the orc wizard.
The orc wizard is moderately wounded.
The goblin hits you with a +0 club. The orc wizard barely misses you.
The orc closely misses you.
You miss the orc wizard.
The orc wizard is moderately wounded.
The goblin closely misses you.
The orc wizard points at you and mumbles some strange words.
The magic dart hits you! The orc hits you but does no damage.
You closely miss the orc wizard.
The orc wizard is moderately wounded.
The goblin hits you with a +0 club.
The orc wizard hits you with a +0 dagger.
* * * LOW HITPOINT WARNING * * *
The orc hits you with a +0 flail.
* * * LOW HITPOINT WARNING * * *
Are you sure you want to shaft yourself?
The goblin misses you. The orc wizard closely misses you.
The orc closely misses you.
You begin to dig a shaft.
You continue digging a shaft.
The goblin barely misses you. The orc wizard closely misses you.
A shaft appears beneath you!
You fall into a shaft and drop 2 floors!
The shaft crumbles and collapses.
Found a hunting sling.
Grinder shouts!
Grinder says, "Tell me all your secrets, or I'll kill you."
Grinder blinks!
Okay, then.
You aren't carrying any items that you can evoke.
Press: ? - help, v - describe, . - travel
Here: Grinder The floor.
Are you sure you want to shaft yourself?
Grinder hits you.
* * * LOW HITPOINT WARNING * * *
You begin to dig a shaft.
You continue digging a shaft.
Grinder hits you!
You die...

. .. ### ..
#..### ..
#.....# #.
##...ยง... {
#.##........
#5@Z.......
##.......##
#........#
#.........#
#.........##
#.........#
##...)#####
######


You could see Grinder and a bullfrog zombie.

Vanquished Creatures
  An adder (D:3)
  2 dart slugs
  6 ball pythons
  3 bats
  4 endoplasms
  A giant cockroach (D:1)
  7 goblins
  6 hobgoblins
  A quokka (D:1)
  A frilled lizard (D:1)
  6 kobolds
  3 rats
41 creatures vanquished.

Notes
Turn   | Place    | Note
-------+----------+-------------------------------------------
     0 | D:1      | croobank the Formicid Earth Elementalist began the quest
                  | for the Orb.
     0 | D:1      | Reached XP level 1. HP: 13/13 MP: 3/3
   385 | D:1      | Reached skill level 4 in Earth Magic
   385 | D:1      | Reached XP level 2. HP: 19/19 MP: 5/5
   539 | D:1      | Learned a level 2 spell: Poisonous Vapours
   568 | D:1      | Found a faded altar of an unknown god.
   605 | D:1      | Reached XP level 3. HP: 19/24 MP: 6/6
   877 | D:1      | Learned a level 3 spell: Stone Arrow
  1983 | D:2      | Reached XP level 4. HP: 26/30 MP: 8/8
  2093 | D:3      | Found a runed translucent gate.
  2093 | D:3      | Identified the +7 chain mail of the Present {Int+4}
  2094 | D:3      | Found a runed translucent gate.
  2095 | D:3      | Found a runed translucent gate.
  2097 | D:3      | Noticed AttackTheMoon's ghost (novice FoFi)
  2179 | D:3      | You fall into a shaft and drop 2 floors!
  2179 | D:5      | Entered Level 5 of the Dungeon
  2179 | D:5      | Noticed Grinder
  2182 | D:5      | Mangled by Grinder

Illustrated notes

Levels and vault maps discovered:
D:1:      nzn_arrival_water_spiral, layout_loops_ring,
          dreamdust_ecumenical_altar_grove
D:2:      layout_basic, kennysheep_nub
D:3:      layout_basic, biasface_ghost_orc_armoury, kennysheep_orc_chapel
D:5:      layout_cave_pods, roderic_batcave, uniq_grinder

Skill      XL: |  1  2  3 |
---------------+----------+-----
Earth Magic    | 4 |  4.4
Stealth        | 3 |  3.3
Fighting       | |  0.1
Short Blades   | |  0.7
Dodging        | |  1.9
Spellcasting   | |  2.8
Transmutations | |  1.2

Action                   |  1- 3 |  4- 6 || total
-------------------------+-------+-------++-------
Melee: Dagger            |    75 |     5 ||    80
       Unarmed           |     5 |       ||     5
 Cast: Sandblast         |    13 |       ||    13
 Abil: Shaft Self        |       |     2 ||     2
  Use: Scroll            |     3 |     1 ||     4
       Potion            |       |     1 ||     1
 Stab: Sleeping          |    12 |       ||    12
Armor: Robe              |     9 |     3 ||    12
Dodge: Dodged            |    37 |    12 ||    49

Table legend: (Time is in decaauts)
 A = Elapsed time spent in this place.
 B = Non-inter-level travel time spent in this place.
 C = Inter-level travel time spent in this place.
 D = Time resting spent in this place.
 E = Time spent auto-exploring this place.
 F = Levels seen in this place.
 G = Mean time per level.
                   A        B        C        D        E       F      G
               +--------+--------+--------+--------+--------+-----+--------+
         Total |   2179 |   2179 |      0 |    594 |   1038 |   4 |  544.8 |
       Dungeon |   2179 |   2179 |      0 |    594 |   1038 |   4 |  544.8 |
               +--------+--------+--------+--------+--------+-----+--------+

Top non-repeatable levels by time:
     D:1: 1319 daAuts
     D:2: 705 daAuts
     D:3: 151 daAuts
     D:5: 2 daAuts
